 Dungeon Crawl Stone Soup version 0.30.0-18-gc0e69614cb (webtiles) character file.

Game seed: 6008099752108916968

56 Aksej the Covered (level 3, -1/33 HPs)
             Began as a Minotaur Fighter on May 24, 2023.
             Succumbed to Sigmund's poison
             ... on level 2 of the Dungeon.
             The game lasted 00:03:54 (1205 turns).

Aksej the Covered (Minotaur Fighter)                Turns: 1205, Time: 00:03:54

Health: -1/33      AC: 10    Str: 20    XL:     3   Next: 71%
Magic:  2/2        EV:  9    Int:  5    God:
Gold:   164        SH:  4    Dex: 11    Spells: 2/2 levels left

rFire   . . .        a - +0 war axe
rCold   . . .        c - +0 buckler
rNeg    . . .        b - +0 scale mail
rPois   .            (helmet restricted)
rElec   .            (no cloak)
rCorr   .            h - +2 pair of gloves
SInv    .            (no boots)
Will    .....        (no amulet) Stlth
                     (no ring)
HPRegen 0.25/turn    (no ring)
MPRegen 0.08/turn

%: no passive effects
@: lethally poisoned (-1 -> -21)
A: horns 2, retaliatory headbutt
a: no special abilities


You were on level 2 of the Dungeon.
You visited 1 branch of the dungeon, and saw 2 of its levels.

You collected 164 gold pieces.

Inventory:

Hand Weapons
 a - a +0 war axe (weapon)
Armour
 b - a +0 scale mail (worn)
 c - a +0 buckler (worn)
 h - a +2 pair of gloves (worn)
Scrolls
 f - a scroll of identify
 g - a scroll of poison
 i - a scroll of summoning
 j - 2 scrolls of immolation {unknown}
 m - 2 scrolls of noise {unknown}
Potions
 d - a potion of might
 k - a potion of lignification {unknown}
 l - 2 potions of heal wounds {unknown}
 n - a potion of flight {unknown}
 o - a potion of curing {unknown}


   Skills:
 * Level 4.1 Fighting
 + Level 3.2 Axes
 * Level 4.3 Armour
 * Level 0.7 Dodging
 + Level 4.1 Shields


You had 2 spell levels left.
You didn't know any spells.
Your spell library was empty.

Dungeon Overview and Level Annotations

Branches:
Dungeon (2/15)

Altars:

Shops:
D:2 (

Annotations:
D:2 Sigmund


Innate Abilities, Weirdness & Mutations

You have a pair of horns on your head.
You reflexively headbutt those who attack you in melee.


Message History

Really walk into that cloud of poison gas?
Okay, then.
Throw: javelin (silver)
Press: ? - help, Q - select action Shift-Dir - straight line, f/p - Sigmund
Aim: Sigmund, wielding a +2 scythe of venom and wearing a +2 robe of cold resistance (53% to hit)
You throw a silver javelin.
The silver javelin closely misses Sigmund.
Sigmund barely misses you. Sigmund barely misses you.
Sigmund closely misses you. Sigmund gestures at you while chanting.
The magic dart hits you but does no damage.
Sigmund closely misses you. Sigmund barely misses you.
Sigmund casts a spell at you.
The magic dart hits you but does no damage.
Sigmund hits you but does no damage.
You are poisoned.
You feel sick.
Sigmund points at you and mumbles some strange words.
You are confused.
You feel sick.
Sigmund gestures wildly while chanting.
Sigmund flickers and vanishes!
Deactivating autopickup; reactivate with Ctrl-A.
You see here a +0 club.
You bump into the rock wall.
You feel sick.
An endoplasm comes into view.
Something hits you!
You are more poisoned.
You bump into the rock wall.
You feel very sick.
You bump into the rock wall.
You feel very sick. Something hits you!
* * * LOW HITPOINT WARNING * * *
You are more poisoned.
You bump into the rock wall.
You feel less confused.
You die...

...># ######### ###.#
#.# #.# #.# #.# #.#
#.####################
#.............@{...J(.
######################


You could see an endoplasm.

Vanquished Creatures
  2 adders (D:2)
  A worm (D:2)
  A dart slug (D:2)
  5 bats (D:1)
  An endoplasm (D:1)
  4 giant cockroaches
  2 goblins (D:1)
  3 hobgoblins
  6 kobolds
  A quokka (D:1)
  2 ball pythons
  A frilled lizard (D:1)
  3 rats (D:1)
32 creatures vanquished.

Notes
Turn   | Place    | Note
-------+----------+-------------------------------------------
     0 | D:1      | Aksej the Minotaur Fighter began the quest for the Orb.
     0 | D:1      | Reached XP level 1. HP: 19/19 MP: 0/0
   121 | D:1      | Reached XP level 2. HP: 24/27 MP: 1/1
   841 | D:2      | Reached XP level 3. HP: 30/33 MP: 2/2
   888 | D:2      | Found Viam's Weapon Boutique.
   972 | D:2      | Found a faded altar of an unknown god.
  1184 | D:2      | Noticed Sigmund
  1205 | D:2      | Succumbed to Sigmund's poison

Illustrated notes

Levels and vault maps discovered:
D:1:      dpeg_arrival_tiny_b, layout_basic
D:2:      layout_basic, serial_shops, shop,
          hellmonk_ecumenical_altar_heavens_door, uniq_sigmund

Skill      XL: |  1  2 |
---------------+-------+-----
Shields        | 4 |  4.1
Armour         | 4 |  4.3
Fighting       | 4 |  4.1
Axes           | 3 |  3.2
Dodging        | |  0.7

Action                     || total
---------------------------++-------
  Melee: War axe           ||    72
         Headbutt          ||     8
  Throw: Javelin           ||     2
    Use: Scroll            ||     3
 Armour: Scale mail        ||    43
  Dodge: Dodged            ||    31
  Block: Buckler           ||    18
